[Event "Titled Tuesday Blitz May 23 Late 2023"]
[White "FoxOnTheRun97"]
[Black "Yanchenko, Roman"]
[BlackFideId "4137329"]
[WhiteElo "2560"]
[BlackElo "2491"]
[Result "0-1"]
[Round "04"]
[TimeControl "180+2"]
[Date "2023.05.23"]
[WhiteClock "0:00:00"]
[BlackClock "0:00:24"]

1. d4 d5 2. c4 c6 3. Nf3 Nf6 4. e3 Bf5 5. Nc3 e6 6. Qb3 Qb6 7. Bd2 Nbd7 8. h3 Be7 9. Qxb6 axb6 10. Nh4 Be4 11. Nxe4 Nxe4 12. Nf3 Nxd2 13. Nxd2 Bb4 14. Bd3 dxc4 15. Bxc4 b5 16. Bb3 e5 17. dxe5 Nxe5 18. Ke2 Bxd2 19. Kxd2 Ke7 20. Rhd1 Nd7 21. Rac1 Rhd8 22. Ke2 f5 23. a3 g6 24. Rd4 Nf6 25. Rcd1 Rxd4 26. Rxd4 Ne4 27. f3 Nc5 28. Bc2 Ne6 29. Rd2 f4 30. exf4 Nxf4+ 31. Kf2 Ne6 32. h4 Rf8 33. Be4 Nc5 34. Ke3 Rf6 35. Rc2 Nd7 36. g3 Ne5 37. f4 Nc4+ 38. Kd4 Rd6+ 39. Kc3 Rd1 40. Re2 Kf6 41. Bc2 Rg1 42. b3 Rxg3+ 43. Kb4 Ne3 44. Be4 Nd1 45. Rd2 Nf2 46. Bc2 Rf3 47. Kc5 Rxf4 48. Kb6 b4 49. a4 Ne4 50. Re2 Nd6 51. Kc7 Rd4 52. Rf2+ Kg7 53. a5 Rd5 54. Re2 Kh6 0-1


[Site "https://www.chess.com"]

[Event "Titled Tuesday Blitz May 23 Late 2023"]
[White "Erzhanov, Arman"]
[Black "Zemlyanskii, Ivan"]
[WhiteFideId "4138821"]
[BlackFideId "24249971"]
[WhiteElo "2138"]
[BlackElo "2421"]
[Result "0-1"]
[Round "04"]
[TimeControl "180+2"]
[Date "2023.05.23"]
[WhiteClock "0:00:00"]
[BlackClock "0:00:37"]

1. e4 c5 2. Nf3 e6 3. b3 Nc6 4. Bb5 Qf6 5. c3 Qg6 6. O-O Qxe4 7. d4 Nf6 8. Re1 Qd5 9. c4 Qd6 10. d5 a6 11. Ba4 b5 12. cxb5 axb5 13. Bxb5 Qxd5 14. Qe2 Bb7 15. Nc3 Nd4 16. Qd3 Nxf3+ 17. gxf3 Qxf3 18. Qxf3 Bxf3 19. Na4 Rb8 20. Nc3 Nd5 21. Nxd5 Bxd5 22. Bd3 Be7 23. Bf4 d6 24. Red1 O-O 25. f3 Bxf3 26. Rd2 Rfd8 27. Kf2 Bd5 28. Rg1 Bf6 29. Bg5 Bxg5 30. Rxg5 Bc6 31. h4 d5 32. h5 Bb5 33. Bb1 g6 34. Kg3 f6 35. Rg4 g5 36. h6 Be8 0-1


[Site "https://www.chess.com"]

[Event "Titled Tuesday Blitz May 23 Late 2023"]
[White "Jaracz, Pawel"]
[Black "OPQRC"]
[WhiteFideId "1102222"]
[WhiteElo "2438"]
[BlackElo "2556"]
[Result "1-0"]
[Round "04"]
[TimeControl "180+2"]
[Date "2023.05.23"]
[WhiteClock "0:00:32"]
[BlackClock "0:00:51"]

1. d4 Nf6 2. c4 g6 3. Nc3 Bg7 4. e4 d6 5. Be2 O-O 6. Nf3 e5 7. O-O Nbd7 8. Be3 Qe7 9. Qc2 h6 10. Rad1 Re8 11. Rfe1 Ng4 12. Bc1 exd4 13. Nd5 Qd8 14. Nxd4 Nxf2 15. Kxf2 Qh4+ 16. Kf1 Bxd4 17. Rxd4 c6 18. Ne3 Qf6+ 19. Nf5 gxf5 20. Qc3 fxe4+ 21. Kg1 c5 22. Rdd1 Ne5 23. Qg3+ Kh8 24. Rf1 Qg7 25. Rxd6 Be6 26. Qh4 Ng6 27. Qxh6+ Qxh6 28. Bxh6 Rad8 29. Rfd1 Rxd6 30. Rxd6 Ne5 31. b3 Nc6 32. Be3 f5 33. Bxc5 f4 34. Bh5 Re7 35. Rxc6 1-0


[Site "https://www.chess.com"]

[Event "Titled Tuesday Blitz May 23 Late 2023"]
[White "Boyer, Mahel"]
[Black "gueraumasague"]
[WhiteFideId "45102422"]
[WhiteElo "2439"]
[BlackElo "2556"]
[Result "1/2-1/2"]
[Round "04"]
[TimeControl "180+2"]
[Date "2023.05.23"]
[WhiteClock "0:00:07"]
[BlackClock "0:00:12"]

1. c4 g6 2. d4 Bg7 3. Nc3 d6 4. g3 Nc6 5. e3 h5 6. Nf3 e5 7. Bg2 h4 8. Nxh4 exd4 9. exd4 Nxd4 10. O-O Ne7 11. Re1 O-O 12. Bg5 Ne6 13. Be3 Nc6 14. Nd5 Bxb2 15. Qe2 Bg7 16. Qd2 Ne5 17. Rac1 c6 18. Nf4 Nc5 19. h3 g5 20. Nh5 gxh4 21. Nxg7 Kxg7 22. Bh6+ Kh8 23. Bxf8 Qxf8 24. f4 Ned3 25. Qc3+ Qg7 26. Re8+ Kh7 27. Be4+ Nxe4 28. Qxd3 Qxg3+ 29. Qxg3 Nxg3 30. Rd1 Bg4 31. Rxa8 Bxd1 32. Rxa7 Ne2+ 33. Kh2 Nxf4 34. Rxb7 Kg6 35. Rb6 Bf3 36. a4 Ne6 37. a5 Kf6 38. a6 c5 39. a7 Ke5 40. Rb3 Bc6 41. Rb6 Be4 42. Rb8 f5 43. Kg1 f4 44. Kf2 Kd4 45. Re8 Ke5 46. Re7 Kf5 47. Rh7 Ke5 48. Rh5+ Kd4 49. Rxh4 Kxc4 50. Rh6 Kd5 51. Rh5+ Kd4 52. Rh6 Ke5 53. Rh5+ Kd4 54. Rh6 Ke5 55. h4 c4 56. Rh5+ Kd4 57. Rh6 Ke5 58. Rh5+ Kd4 59. Ke2 c3 60. Rh6 Ke5 61. Rh5+ Kd4 62. Rh6 c2 63. Kd2 Nc5 64. Rxd6+ Kc4 65. Rb6 Nb3+ 66. Rxb3 Kxb3 67. Kc1 f3 68. a8=Q Bxa8 69. h5 f2 70. Kd2 f1=Q 71. h6 Qd1+ 72. Ke3 c1=Q+ 73. Kf2 Qc7 74. h7 Qxh7 75. Ke3 Qhd3+ 76. Kf4 Q1e2 77. Kg5 Qee4 78. Kh6 Qdd5 79. Kg7 Qee6 80. Kh8 Qdd7 1/2-1/2


[Site "https://www.chess.com"]

[Event "Titled Tuesday Blitz May 23 Late 2023"]
[White "Potapova, Margarita"]
[Black "Thomforde-Toates, Noah"]
[WhiteFideId "14126869"]
[BlackFideId "30951992"]
[WhiteElo "2244"]
[BlackElo "2735"]
[Result "1-0"]
[Round "04"]
[TimeControl "180+2"]
[Date "2023.05.23"]
[WhiteClock "0:00:11"]
[BlackClock "0:00:10"]

1. d4 Nf6 2. c4 g6 3. Nc3 Bg7 4. e4 d6 5. h3 O-O 6. Be3 c5 7. d5 e6 8. Nf3 exd5 9. exd5 Re8 10. Bd3 Nbd7 11. O-O Nh5 12. Qd2 Ne5 13. Nxe5 Bxe5 14. Rae1 Bd7 15. Ne4 Bf5 16. Bg5 f6 17. Bh6 Bxe4 18. Rxe4 g5 19. Rg4 Nf4 20. Bf5 Ng6 21. g3 Qb6 22. b3 Qb4 23. Qd3 Kf7 24. h4 Qc3 25. h5 Qxd3 26. hxg6+ hxg6 27. Bxd3 Rh8 28. Bxg5 fxg5 29. Rxg5 Rh6 30. Kg2 Rah8 31. f4 Bd4 32. Re1 Rh2+ 33. Kf3 Rf2+ 34. Kg4 Rg8 35. Rh1 Rxa2 36. Rh7+ Kf6 37. Rd7 Ra6 38. Kf3 Rb6 39. Bc2 a5 40. Rg4 g5 41. fxg5+ Rxg5 42. Rf4+ Rf5 43. Rxf5+ Kg6 44. Rf4+ Kg5 45. Rg7+ Kh6 46. Rg6+ Kh5 47. Rh4# 1-0


[Site "https://www.chess.com"]

[Event "Titled Tuesday Blitz May 23 Late 2023"]
[White "Bartel, Michal"]
[Black "Szpar, Milosz"]
[WhiteFideId "1119257"]
[BlackFideId "1184989"]
[WhiteElo "2282"]
[BlackElo "2434"]
[Result "0-1"]
[Round "04"]
[TimeControl "180+2"]
[Date "2023.05.23"]
[WhiteClock "0:00:32"]
[BlackClock "0:01:03"]

1. e4 e6 2. d4 d5 3. Nc3 Nf6 4. e5 Nfd7 5. Nce2 c5 6. c3 Nc6 7. Nf3 Be7 8. g3 O-O 9. Bh3 b5 10. O-O b4 11. Nf4 Nb6 12. Re1 bxc3 13. bxc3 cxd4 14. cxd4 Nc4 15. Nd3 Ba6 16. Bf1 Rb8 17. h4 h6 18. Kh2 Qb6 19. Nf4 Nb2 20. Bxb2 Bxf1 21. Rxf1 Qxb2 22. Qc1 Nxd4 23. Nxd4 Qxd4 24. Qc7 Bxh4 25. Rad1 Qa4 26. Nd3 Rfc8 27. Qd6 Bd8 28. Nf4 Rb6 29. Qd7 Qxd7 0-1


[Site "https://www.chess.com"]

[Event "Titled Tuesday Blitz May 23 Late 2023"]
[White "Tologon tegin, Semetei"]
[Black "Nazari, Arad"]
[WhiteFideId "13800574"]
[BlackFideId "12577324"]
[WhiteElo "2247"]
[BlackElo "2175"]
[Result "0-1"]
[Round "04"]
[TimeControl "180+2"]
[Date "2023.05.23"]
[WhiteClock "0:00:00"]
[BlackClock "0:00:06"]

1. d4 Nf6 2. Nc3 d5 3. Bf4 c5 4. e3 cxd4 5. exd4 a6 6. Bd3 Nc6 7. Nge2 Bg4 8. f3 Bh5 9. g4 Bg6 10. h4 Qb6 11. h5 Bxd3 12. Qxd3 e6 13. O-O-O Qa5 14. Kb1 Be7 15. Qe3 h6 16. Nc1 b5 17. Nd3 Qb6 18. Ne5 Nd7 19. Nxd7 Kxd7 20. Rhe1 Bf6 21. Ne2 b4 22. Rh1 a5 23. g5 hxg5 24. Bxg5 a4 25. h6 Bxg5 26. Qxg5 gxh6 27. Rxh6 Rxh6 28. Qxh6 b3 29. cxb3 axb3 30. a3 Qd8 31. Qf4 Qe7 32. Rd3 Na5 33. Nc1 Rg8 34. Nxb3 Rg1+ 35. Ka2 Nc4 36. Nd2 Nxd2 37. Qxd2 Qd6 38. Rb3 Qc6 39. Qa5 Qc4 40. Qa7+ Ke8 41. Qc5 f5 42. Qxc4 dxc4 43. Re3 Rf1 44. Rxe6+ Kd7 45. Re3 Kd6 46. a4 f4 47. Rc3 Kd5 48. a5 Rh1 49. b4 Kxd4 50. Rc2 Kd3 51. Rg2 c3 52. a6 Rh6 53. b5 Rb6 54. Kb3 Rxb5+ 55. Ka4 Rb1 56. Ka5 c2 57. Rxc2 Kxc2 58. a7 Kd2 59. Ka6 Ra1+ 60. Kb7 Ke3 61. a8=Q Rxa8 62. Kxa8 Kxf3 0-1


[Site "https://www.chess.com"]

[Event "Titled Tuesday Blitz May 23 Late 2023"]
[White "Fiorito, Francisco"]
[Black "Weetik, Vjacheslav"]
[WhiteFideId "180165"]
[BlackFideId "4153472"]
[WhiteElo "2341"]
[BlackElo "2469"]
[Result "1-0"]
[Round "04"]
[TimeControl "180+2"]
[Date "2023.05.23"]
[WhiteClock "0:00:17"]
[BlackClock "0:00:02"]

1. d4 Nf6 2. Nc3 d5 3. Bf4 c5 4. e3 cxd4 5. exd4 a6 6. Nf3 Nc6 7. Ne5 Bd7 8. Qd2 e6 9. Be2 Qb6 10. Nxc6 Bxc6 11. Rb1 Bb4 12. f3 Rc8 13. a3 Bxc3 14. Qxc3 O-O 15. Qb4 Qxb4+ 16. axb4 Bb5 17. Bxb5 axb5 18. c3 Ra8 19. Kd2 Nd7 20. Bd6 Rfc8 21. Ra1 b6 22. Bf4 f6 23. Rxa8 Rxa8 24. Re1 Kf7 25. h4 h5 26. Kc2 Ra7 27. Re2 Nf8 28. g3 Ng6 29. Bc1 Ne7 30. g4 Ra8 31. Bf4 Rh8 32. Bg3 Ng6 33. Rh2 f5 34. gxf5 exf5 35. Bc7 Ra8 36. Rh1 Ra6 37. Rh2 Nf8 38. Rh1 Ne6 39. Be5 g6 40. f4 Ra8 41. Rg1 Ra7 42. Kb1 Nf8 43. b3 Ne6 44. Kb2 Nd8 45. Rc1 Nc6 46. Rd1 Ra8 47. Rg1 Ra7 48. Rg2 Ra6 49. Re2 Nd8 50. Bd6 Ne6 51. Re1 Ra8 52. Be5 Ra7 53. Rc1 Ke7 54. c4 bxc4 55. bxc4 dxc4 56. Rxc4 Kd7 57. Kc3 Ra3+ 58. Kb2 Ra7 59. d5 Nd8 60. Kb3 Nf7 61. Rc6 b5 62. Rxg6 Ra1 63. Bxa1 1-0


[Site "https://www.chess.com"]

[Event "Titled Tuesday Blitz May 23 Late 2023"]
[White "Volkov, Maksim"]
[Black "Safin, Robert"]
[WhiteFideId "54123070"]
[BlackFideId "34189120"]
[WhiteElo "2297"]
[BlackElo "2295"]
[Result "0-1"]
[Round "04"]
[TimeControl "180+2"]
[Date "2023.05.23"]
[WhiteClock "0:00:21"]
[BlackClock "0:00:02"]

1. d4 Nf6 2. c4 e6 3. g3 d5 4. Bg2 Be7 5. Nf3 O-O 6. Nc3 dxc4 7. Ne5 Qd6 8. Nxc4 Qa6 9. b3 Rd8 10. O-O c5 11. a4 Bd7 12. Ba3 Bc6 13. e4 Rxd4 14. Qc2 Nbd7 15. Rfd1 e5 16. Bf1 Bf8 17. Nxe5 Qb6 18. Nc4 Qc7 19. Bg2 Re8 20. f3 a6 21. a5 h5 22. Bb2 h4 23. Ne2 Rxd1+ 24. Rxd1 hxg3 25. hxg3 Bb5 26. Bh3 Bxc4 27. Qxc4 Ne5 28. Qc3 Bd6 29. Kg2 Ng6 30. Qd2 Be5 31. Bxe5 Nxe5 32. Nf4 Nc6 33. Ra1 Nd4 34. Qc3 Qc6 35. Kh2 g5 36. Ng2 g4 37. fxg4 Nxe4 38. Qc4 Nf3+ 39. Kh1 Nf2# 0-1


[Site "https://www.chess.com"]

[Event "Titled Tuesday Blitz May 23 Late 2023"]
[White "Chos, Alexey"]
[Black "Chen, Ryo"]
[WhiteFideId "14117762"]
[BlackFideId "7003072"]
[WhiteElo "2234"]
[BlackElo "2169"]
[Result "0-1"]
[Round "04"]
[TimeControl "180+2"]
[Date "2023.05.23"]
[WhiteClock "0:00:00"]
[BlackClock "0:00:33"]

1. b3 Nf6 2. Bb2 g6 3. g3 Bg7 4. Bg2 O-O 5. e4 d6 6. Ne2 c5 7. O-O Nc6 8. d4 cxd4 9. Nxd4 Bg4 10. f3 Bd7 11. Nd2 Ne8 12. Nc4 Nxd4 13. Bxd4 Bb5 14. Bxg7 Nxg7 15. Qd5 Bxc4 16. Qxc4 Qb6+ 17. Kh1 Rac8 18. Qd3 Qc5 19. c4 a6 20. Qd2 b5 21. Rac1 Ne6 22. f4 bxc4 23. Rxc4 Qb5 24. f5 Ng7 25. Rxc8 Rxc8 26. f6 exf6 27. Qxd6 Ne6 28. Qe7 Qe5 29. Qxf6 Qxf6 30. Rxf6 Rc1+ 31. Bf1 Ng5 32. e5 Ne4 33. Rf4 Nd2 34. Kg1 Re1 35. b4 Nxf1 36. Rxf1 Rxe5 37. a4 Re3 38. Rb1 Ra3 39. b5 axb5 40. axb5 Kf8 41. b6 Ra8 42. Kf2 Ke7 43. Ke3 Kd6 44. b7 Re8+ 45. Kd4 Kc7 46. Kd5 Kb8 47. Kd6 f5 48. Kc6 Re6+ 49. Kd5 Re2 50. Kc6 Rc2+ 51. Kb6 Rxh2 52. Kc6 Rc2+ 53. Kb6 Rc3 54. Ka6 Rc6+ 55. Ka5 g5 56. Rb5 Rf6 57. Re5 Kxb7 58. Kb4 h6 59. Kc3 Kc6 60. Kd4 Kd6 61. Ra5 Ke7 62. Ra7+ Ke6 63. Ra6+ Kf7 64. Ra7+ Kg6 65. Ke5 f4 66. gxf4 Rxf4 67. Ra6+ Kh5 68. Ra1 Rf2 69. Rg1 Kg6 70. Ke4 h5 71. Ke3 Rf5 0-1


[Site "https://www.chess.com"]

[Event "Titled Tuesday Blitz May 23 Late 2023"]
[White "Dimitrov, Atanas"]
[Black "Taboas Rodriguez, Daniel"]
[WhiteFideId "2901315"]
[BlackFideId "2208466"]
[WhiteElo "2709"]
[BlackElo "2365"]
[Result "1/2-1/2"]
[Round "04"]
[TimeControl "180+2"]
[Date "2023.05.23"]
[WhiteClock "0:00:02"]
[BlackClock "0:00:21"]

1. Nf3 Nf6 2. c4 g6 3. Nc3 Bg7 4. e3 O-O 5. Be2 b6 6. O-O Bb7 7. b3 c5 8. Bb2 Nc6 9. d4 cxd4 10. Nxd4 Nxd4 11. Qxd4 Ne4 12. Qd3 Nxc3 13. Bxc3 Bxc3 14. Qxc3 Qc7 15. Rac1 d6 16. Rfd1 Rac8 17. Qd4 Qc5 18. Qh4 Rc7 19. h3 Qa3 20. Rc2 Rfc8 21. Rcd2 a6 22. Bg4 Re8 23. Be2 Rec8 24. Bg4 Re8 25. Qg3 b5 26. cxb5 axb5 27. h4 Rc1 28. Bd7 Ra8 29. Bxb5 Rxd1+ 30. Rxd1 Qxa2 31. Bc4 d5 32. Bxd5 Bxd5 33. Rxd5 Qxb3 34. Rd7 Qe6 35. Rd4 h5 36. Kh2 Qf6 37. Rf4 Qd6 38. Rd4 Qxg3+ 39. Kxg3 Kg7 40. Kf3 Ra1 41. g3 Ra2 42. Rd7 Kf6 43. Rb7 Ra3 44. Rb5 Ra6 45. Kf4 e6 46. f3 Ra4+ 47. e4 Rc4 48. Ra5 Rb4 49. g4 hxg4 50. Kxg4 Rb1 51. h5 Rg1+ 52. Kf4 g5+ 53. Ke3 Rh1 54. Kf2 Rxh5 55. Kg2 Rh4 56. Kg3 Rf4 57. Rb5 Kg6 58. Ra5 f6 59. Ra6 e5 60. Ra8 Rh4 61. Rg8+ Kf7 62. Ra8 Rh1 63. Ra7+ Kg6 64. Ra8 Rg1+ 65. Kf2 Rb1 66. Kg3 Rg1+ 67. Kf2 Rh1 68. Kg2 Rh4 69. Kg3 Kg7 70. Ra7+ Kg6 71. Ra8 Rf4 72. Rb8 Kf7 73. Rb7+ Ke6 74. Rb6+ Ke7 75. Rb7+ Kd6 76. Rb4 Kc5 77. Ra4 Kb5 78. Ra1 g4 79. Rb1+ Kc4 80. fxg4 Rxe4 81. Rf1 Re3+ 82. Kh4 e4 83. Rxf6 Kd3 84. g5 Rf3 85. Rd6+ Ke2 86. g6 Rf1 87. Rd5 e3 88. Kg5 Rg1+ 89. Kh6 Kf2 90. Rf5+ Ke1 91. Rg5 Rxg5 92. Kxg5 e2 93. g7 Kf2 94. g8=Q e1=Q 95. Qf7+ Ke2 96. Qe6+ Kf1 97. Qf5+ Qf2 98. Qb1+ Kg2 99. Qe4+ Qf3 100. Qc2+ Qf2 101. Qc4 Qg3+ 102. Qg4 Kf2 103. Qxg3+ Kxg3 1/2-1/2


[Site "https://www.chess.com"]

[Event "Titled Tuesday Blitz May 23 Late 2023"]
[White "Prem, Pranav"]
[Black "Hamitevici, Vladimir"]
[WhiteFideId "30901057"]
[BlackFideId "13902393"]
[WhiteElo "1970"]
[BlackElo "2401"]
[Result "0-1"]
[Round "04"]
[TimeControl "180+2"]
[Date "2023.05.23"]
[WhiteClock "0:00:09"]
[BlackClock "0:00:14"]

1. d4 d5 2. c4 c6 3. Nf3 Nf6 4. e3 Bf5 5. Nc3 e6 6. Nh4 Be4 7. f3 Bg6 8. Nxg6 hxg6 9. Bd2 Qc7 10. f4 Nbd7 11. Qc2 a6 12. O-O-O dxc4 13. Bxc4 b5 14. Bd3 c5 15. Ne4 c4 16. Be2 Nd5 17. Kb1 Rc8 18. Rc1 Be7 19. Bf3 b4 20. Ng5 N7b6 21. Nxe6 fxe6 22. Qxg6+ Kd7 23. Bg4 Nf6 24. f5 e5 25. dxe5 Qxe5 26. Bf3 c3 27. Rhd1 Kc7 28. bxc3 Kb8 29. cxb4 Na4 30. Qg3 Qxg3 31. hxg3 Rhd8 32. Be1 Rxd1 33. Rxd1 Nc3+ 34. Bxc3 Rxc3 35. Kb2 Rxe3 36. Rc1 Re5 37. g4 Ne4 38. Re1 Bf6 39. Kb3 Nd2+ 40. Kc2 Rxe1 41. Kxd2 Ra1 42. Bd5 Rb1 43. Bb3 Rb2+ 44. Ke3 Rxg2 45. Kf4 Rg1 46. Kf3 Kc7 47. Be6 Kd6 48. Bb3 Bd4 49. Kf4 Rf1+ 50. Ke4 Bf6 51. Bc4 Re1+ 52. Kf3 Rb1 53. Bb3 Rb2 54. Kf4 Be5+ 55. Ke4 Rg2 56. Kf3 Rg3+ 57. Kf2 Rxg4 58. Kf3 Rf4+ 59. Ke3 Rxf5 0-1


[Site "https://www.chess.com"]

[Event "Titled Tuesday Blitz May 23 Late 2023"]
[White "Martinez Ramirez, Lennis"]
[Black "Reprintsev, Alexander"]
[WhiteFideId "3509079"]
[BlackFideId "14100541"]
[WhiteElo "2410"]
[BlackElo "2218"]
[Result "1-0"]
[Round "04"]
[TimeControl "180+2"]
[Date "2023.05.23"]
[WhiteClock "0:00:14"]
[BlackClock "0:01:16"]

1. d4 d5 2. c4 e5 3. dxe5 d4 4. Nf3 Nc6 5. Bf4 Nge7 6. e3 Ng6 7. Bg3 dxe3 8. Qxd8+ Nxd8 9. fxe3 Bc5 10. Nc3 c6 11. Ne4 Bxe3 12. Nd6+ Ke7 13. Bd3 Bg4 14. Rd1 Ne6 15. Ke2 Bb6 16. Rhf1 Nd4+ 17. Kd2 Nxf3+ 18. gxf3 Bh3 19. Nxb7 Bxf1 20. Rxf1 Rab8 21. Nd6 Rhd8 22. Kc2 Bd4 23. Nf5+ Kf8 24. Nxd4 Rxd4 25. f4 c5 26. f5 Ne7 27. Bf2 Rf4 28. Bxc5 Rxf1 29. Bxf1 Ke8 30. Bd3 g6 31. f6 Nc6 32. Kc3 a5 33. Bd6 Rc8 34. a3 Kd7 35. Be4 h5 36. Bd5 Nd8 37. b4 axb4+ 38. Kxb4 Ne6 39. a4 g5 40. a5 Nc7 41. Bxf7 Rb8+ 42. Kc3 Ra8 43. Kb4 Rb8+ 44. Ka4 Rb1 45. Bxh5 Ra1+ 46. Kb4 Rb1+ 47. Kc3 Ne6 48. Bg4 Ra1 49. f7 1-0


[Site "https://www.chess.com"]

[Event "Titled Tuesday Blitz May 23 Late 2023"]
[White "Baghdasaryan, Vahe"]
[Black "Goltsev, Dmitry"]
[WhiteFideId "13303139"]
[BlackFideId "24176710"]
[WhiteElo "2216"]
[BlackElo "2356"]
[Result "1/2-1/2"]
[Round "04"]
[TimeControl "180+2"]
[Date "2023.05.23"]
[WhiteClock "0:00:19"]
[BlackClock "0:00:06"]

1. e4 e6 2. d4 d5 3. Nc3 c5 4. exd5 exd5 5. Nf3 Nf6 6. Bb5+ Nc6 7. O-O Be7 8. dxc5 Bxc5 9. Re1+ Be6 10. Be3 Bxe3 11. Rxe3 O-O 12. Nd4 Bd7 13. Bf1 Qb6 14. Nxc6 bxc6 15. Na4 Qc7 16. Nc5 Bf5 17. c3 Rfe8 18. Rxe8+ Rxe8 19. Qa4 Ng4 20. g3 Ne5 21. Bg2 Nc4 22. Bxd5 Nb6 23. Qxc6 Rc8 24. Qxc7 Rxc7 25. Re1 g6 26. Na6 Rd7 27. Bf3 Rd2 28. Re2 Rd1+ 29. Kg2 Bd3 30. Re8+ Kg7 31. Bxd1 Bxa6 32. b3 Nd5 33. c4 Nf6 34. Re7 Bc8 35. Rxa7 Ne4 36. Bf3 Nd2 37. Bd5 Bf5 38. Rxf7+ Kh6 39. Rxf5 gxf5 40. c5 Kg5 41. c6 f4 42. c7 f3+ 43. Bxf3 h5 44. c8=Q h4 45. Qg4+ Kf6 46. gxh4 Ke5 47. h5 Kd6 48. h6 Kc5 49. h7 Nxb3 50. h8=Q Kb5 51. Qe5+ Nc5 52. Bc6+ Ka6 53. Qxc5 1/2-1/2


[Site "https://www.chess.com"]

[Event "Titled Tuesday Blitz May 23 Late 2023"]
[White "Richter, Paul"]
[Black "Morefield, Jason"]
[WhiteFideId "2046350"]
[BlackFideId "30920825"]
[WhiteElo "2528"]
[BlackElo "2171"]
[Result "0-1"]
[Round "04"]
[TimeControl "180+2"]
[Date "2023.05.23"]
[WhiteClock "0:00:02"]
[BlackClock "0:01:05"]

1. e4 d6 2. d4 Nf6 3. Nc3 g6 4. f4 Bg7 5. Nf3 c5 6. dxc5 Qa5 7. Bd3 Qxc5 8. Qe2 Bg4 9. Be3 Qa5 10. O-O O-O 11. h3 Bxf3 12. Qxf3 Nc6 13. a3 Rfc8 14. Ne2 Nd7 15. c3 Qa4 16. Qf2 Na5 17. Nd4 Nc4 18. b3 Qa5 19. Bxc4 Qxc3 20. Rac1 Qa5 21. Ne6 Rxc4 22. Rxc4 fxe6 23. a4 b5 24. Rcc1 bxa4 25. bxa4 Qxa4 26. f5 Qxe4 27. fxe6 Qxe6 28. Rfe1 Ne5 29. Bf4 Rf8 30. Qg3 Qf5 31. Rf1 Qe6 32. Bxe5 Bxe5 33. Qe3 Bh2+ 0-1


[Site "https://www.chess.com"]

[Event "Titled Tuesday Blitz May 23 Late 2023"]
[White "benny_aizenberg"]
[Black "Ezat, Mohamed"]
[BlackFideId "10600906"]
[WhiteElo "2694"]
[BlackElo "2386"]
[Result "1-0"]
[Round "04"]
[TimeControl "180+2"]
[Date "2023.05.23"]
[WhiteClock "0:01:09"]
[BlackClock "0:00:30"]

1. f4 Nf6 2. Nf3 g6 3. d3 Bg7 4. e4 O-O 5. g3 d6 6. Bg2 e5 7. O-O exf4 8. gxf4 Nh5 9. Nc3 Nc6 10. d4 Bg4 11. d5 Nd4 12. Be3 c5 13. dxc6 Nxc6 14. Qd2 f5 15. Ng5 fxe4 16. Qd5+ Kh8 17. Nf7+ Rxf7 18. Qxf7 Nd4 19. Bxe4 Qh4 20. Qxb7 Re8 21. Qxa7 Nf5 22. Bxf5 Bxf5 23. Bd4 Nf6 24. Qb7 Kg8 25. a4 Bf8 26. Qg2 Bh3 27. Bxf6 Qh5 28. Qd5+ Qxd5 29. Nxd5 1-0


[Site "https://www.chess.com"]

[Event "Titled Tuesday Blitz May 23 Late 2023"]
[White "Sun, Rick"]
[Black "Baches Garcia, Guillermo"]
[WhiteFideId "30909481"]
[BlackFideId "2209764"]
[WhiteElo "2169"]
[BlackElo "2521"]
[Result "1/2-1/2"]
[Round "04"]
[TimeControl "180+2"]
[Date "2023.05.23"]
[WhiteClock "0:00:12"]
[BlackClock "0:00:06"]

1. d4 d5 2. Nc3 Nf6 3. Bf4 c5 4. e3 cxd4 5. exd4 a6 6. Nf3 Nc6 7. Ne5 Bd7 8. Qd2 e6 9. O-O-O Bb4 10. f3 Qa5 11. Kb1 Rc8 12. a3 Bxc3 13. Qxc3 Qxc3 14. bxc3 Nxe5 15. dxe5 Ng8 16. c4 Ne7 17. cxd5 Nxd5 18. Bd2 Ba4 19. Bd3 Nc3+ 20. Bxc3 Rxc3 21. Kb2 Rc5 22. Rhe1 Ke7 23. Re4 Bc6 24. Re2 g5 25. Rf1 h5 26. f4 g4 27. f5 exf5 28. Rxf5 Bd5 29. Rf4 Be6 30. Rd4 Rg8 31. a4 Rg5 32. Rb4 Bd5 33. g3 Bc6 34. e6 fxe6 35. Rf2 Bf3 36. Be4 Bxe4 37. Rxe4 Rgf5 38. Rfe2 Rc6 39. Rb4 Rc7 40. Rb6 Rf6 41. Kb3 Kf7 42. Kb2 Re7 43. Re5 Rf5 44. Re4 Rf2 45. h4 gxh3 46. Rh4 h2 47. Rxh5 Ke8 48. Rb4 Kd8 49. Rbh4 Kc7 50. Rxh2 Rxh2 51. Rxh2 e5 52. Rg2 Kd6 53. Kc1 Kd5 54. Kd2 Ke4 55. g4 Kf3 56. Rg1 e4 57. Re1 e3+ 58. Kd3 Rd7+ 59. Kc3 e2 60. g5 Kf2 61. Rb1 e1=Q+ 62. Rxe1 Kxe1 63. Kb4 Rg7 64. c4 Rxg5 65. c5 Rg7 66. Ka5 Rc7 67. Kb6 Rc6+ 68. Kxb7 Rxc5 69. Kxa6 Kd2 70. Kb6 Rc8 71. a5 Kc3 72. a6 Kb4 73. a7 Ra8 74. Kb7 Rxa7+ 75. Kxa7 1/2-1/2


[Site "https://www.chess.com"]

[Event "Titled Tuesday Blitz May 23 Late 2023"]
[White "Horvath, Dominik"]
[Black "Ladan, Nicholas"]
[WhiteFideId "1642561"]
[BlackFideId "30918855"]
[WhiteElo "2407"]
[BlackElo "2167"]
[Result "1-0"]
[Round "04"]
[TimeControl "180+2"]
[Date "2023.05.23"]
[WhiteClock "0:00:16"]
[BlackClock "0:00:05"]

1. e4 e5 2. Nf3 Nc6 3. Nc3 Nf6 4. a4 h6 5. a5 a6 6. Bc4 Nxe4 7. Nxe4 d5 8. Bd3 dxe4 9. Bxe4 Nb4 10. O-O g6 11. Nxe5 Bg7 12. d4 O-O 13. c3 Nd5 14. Bf3 c6 15. Re1 Be6 16. Nd3 Re8 17. Nc5 Qc7 18. Nxe6 fxe6 19. Qd3 Kh7 20. Be4 Qf7 21. h4 Nf6 22. Bf3 Rad8 23. h5 e5 24. Qxg6+ Qxg6 25. hxg6+ Kxg6 26. dxe5 h5 27. Bf4 Ng4 28. e6 Kf6 29. Bg3 Bh6 30. Ra4 Bd2 31. Bh4+ Bg5 32. Rf4+ Kg6 33. Bxg5 Kxg5 34. Rf7 Rd6 35. Bxg4 hxg4 36. e7 Rd7 37. g3 Kg6 38. Rf4 Rdxe7 39. Rxe7 Rxe7 40. Rxg4+ Kf5 41. Rf4+ Kg5 42. Kg2 Re5 43. b4 c5 44. Rf7 cxb4 45. cxb4 Rb5 46. Rf4 b6 47. axb6 Rxb6 48. Rc4 Rb5 49. Kh3 Kg6 50. f4 a5 51. bxa5 Rxa5 52. Kg4 Ra1 53. Rc6+ Kf7 54. Kg5 Ra5+ 55. f5 Ra3 56. g4 Rh3 57. Rc7+ Ke8 58. Kg6 Kd8 59. Ra7 Rd3 60. f6 Rd6 61. g5 Ke8 62. Rh7 Rd4 63. Rh8+ Kd7 64. f7 Rd6+ 65. Kg7 Rd5 66. g6 Kc7 67. f8=Q Rb5 68. Qc8+ Kb6 69. Qb8+ Ka6 70. Qxb5+ Ka7 71. Qa5+ 1-0


[Site "https://www.chess.com"]

[Event "Titled Tuesday Blitz May 23 Late 2023"]
[White "carokannlover213"]
[Black "Sivakumar, Shaaketh"]
[BlackFideId "30940176"]
[WhiteElo "2681"]
[BlackElo "2174"]
[Result "0-1"]
[Round "04"]
[TimeControl "180+2"]
[Date "2023.05.23"]
[WhiteClock "0:00:00"]
[BlackClock "0:01:06"]

1. Nf3 e6 2. c4 c5 3. e3 Nf6 4. Nc3 b6 5. Be2 Bb7 6. O-O g6 7. d4 cxd4 8. Nxd4 d5 9. cxd5 Nxd5 10. Bb5+ Nd7 11. Nxd5 Bxd5 12. e4 Bxe4 13. Re1 Bd5 14. Bf4 Bg7 15. Nc6 Bxc6 16. Bxc6 Rc8 17. Qa4 Rxc6 18. Qxc6 O-O 19. Rad1 Nb8 20. Qb7 Qc8 21. Qxc8 Rxc8 22. Bxb8 Rxb8 23. b3 Rb7 24. Rd8+ Bf8 25. Red1 Kg7 26. R1d7 Rxd7 27. Rxd7 a5 28. Kf1 Bc5 29. Ke2 h5 30. f3 Kf6 31. Kd3 h4 32. h3 e5 33. Rb7 Ke6 34. Kc4 f5 35. a3 e4 36. fxe4 fxe4 37. b4 axb4 38. axb4 Bg1 39. Rb8 Ke5 40. Rf8 Be3 41. Rf1 g5 42. Kc3 Bf4 43. Re1 Bg3 44. Re2 Kf4 45. Kc4 Bh2 46. Kd5 e3 47. Kc6 Ke4 48. Kxb6 Kd3 0-1


[Site "https://www.chess.com"]

[Event "Titled Tuesday Blitz May 23 Late 2023"]
[White "Annaberdiyev, Meylis"]
[Black "Haszon, David"]
[WhiteFideId "14000563"]
[BlackFideId "733610"]
[WhiteElo "2416"]
[BlackElo "2210"]
[Result "0-1"]
[Round "04"]
[TimeControl "180+2"]
[Date "2023.05.23"]
[WhiteClock "0:00:02"]
[BlackClock "0:00:13"]

1. e4 c5 2. Nf3 e6 3. c3 Nf6 4. e5 Nd5 5. d4 cxd4 6. cxd4 d6 7. Bc4 Nb6 8. Bd3 Nc6 9. O-O dxe5 10. dxe5 Nb4 11. Be4 Qxd1 12. Rxd1 Be7 13. Nc3 O-O 14. a3 N4d5 15. Bxd5 Nxd5 16. Nxd5 exd5 17. Bg5 Bxg5 18. Nxg5 Be6 19. Nf3 Rac8 20. Nd4 Rc4 21. Rd2 Rfc8 22. Rad1 g5 23. f3 Kg7 24. Kf2 Kg6 25. Ke3 a6 26. h4 h6 27. Rh1 Rc1 28. Rxc1 Rxc1 29. hxg5 hxg5 30. Rc2 Re1+ 31. Re2 Rc1 32. g3 g4 33. fxg4 Bxg4 34. Rf2 Re1+ 35. Kd2 Rxe5 36. Rf1 Be6 37. Rc1 Re4 38. Ne2 Rc4 39. Rh1 Bf5 40. Nf4+ Kg5 41. b4 Rc2+ 42. Ke3 Rc3+ 43. Kd4 Rxg3 44. Nxd5 Rxa3 45. Rg1+ Bg4 46. Rc1 a5 47. b5 Ra4+ 48. Ke5 Bf3 49. Rg1+ Rg4 50. Rc1 Bxd5 51. Kxd5 a4 52. Kc5 a3 53. Kb6 Rb4 54. Ra1 Rb3 55. Kc5 f5 56. Kc4 Rf3 57. Kc5 f4 58. Rg1+ Kf5 59. Rg8 a2 60. Ra8 Rf2 61. Kb6 Rb2 62. Ra5 f3 63. Kxb7 f2 64. b6+ Kf4 65. Ra4+ Kf3 66. Ra8 f1=Q 0-1


[Site "https://www.chess.com"]